 Dungeon Crawl Stone Soup version 0.32-a0-975-g85d4e5bfdb (webtiles) character file.

Game seed: 17553906439307752370

2331 kae the Mimic (level 9, -4/54 (61) HPs)
             Began as a Demonspawn Shapeshifter on Apr 18, 2024.
             Slain by a hornet (12 damage)
             ... while paralysed by a hornet
             ... on level 7 of the Dungeon.
             The game lasted 00:06:16 (6559 turns).

kae the Mimic (Demonspawn Shapeshifter)             Turns: 6559, Time: 00:06:17

HP:   -4/54 (61)    AC:  0    Str: 20    XL:     9   Next: 19%
MP:   0/9           EV:  2    Int: 11    God:
Gold: 324           SH:  0    Dex: 17    Spells: 8/8 levels left

rFire   . .          .
                       - Unarmed
rCold   . . .        (shield currently unavailable)
rNeg    . . .        s - melded +0 ring mail "Cimiamaecwi" {+Inv rF++}
rPois   .            (no helmet)
rElec   .            (no cloak)
rCorr   +            (no gloves)
SInv    .            (no boots)
Will    .....        G - amulet of guardian spirit
Stlth   +            S - +6 ring of strength
HPRegen 0.29/turn    R - ring of resist corrosion
MPRegen 0.11/turn

%: guardian spirit
@: paralysed, flux-form, slowed, glowing, heavily drained
A: glow, contaminating, hooves 2, large bone plates 1, ignite blood 1, demonic
magic 1
a: Begin Untransformation


You were on level 7 of the Dungeon.
You were something dangerously unstable.
You visited 1 branch of the dungeon, and saw 7 of its levels.

You collected 324 gold pieces.


Innate Abilities, Weirdness & Mutations

You are something dangerously unstable.
You glow with magical radiation, making you easy to see and hit.
Foes you strike become dangerously contaminated with magical radiation.
You are incapable of wielding weapons or throwing items.
You have hoof-like feet.
You are partially covered in large bone plates. (SH +4)
Your demonic aura sometimes causes spilled blood to erupt in flames.
Spells you cast may paralyse adjacent enemies.


   Skills:
 + Level 1.6 Fighting
 + Level 2.2 Dodging
 * Level 7.1 Unarmed Combat
 + Level 8.7 Shapeshifting


You had 8 spell levels left.
You didn't know any spells.
Your spell library contained the following spells:

 Spells                   Type           Power      Damage    Failure   Level
 Tukima's Dance           Hex            0%         N/A       71%         3
 Dimensional Bullseye     Hex/Tloc       0%         N/A       98%         4
 Iskenderun's Mystic Bla Conj/Tloc 0%             2d3        (+2d1     98%         4
 Leda's Liquefaction      Alch/Erth      0%         N/A       98%         4
 Lee's Rapid Deconstruct  Erth           0%         3d4*      100%        5
 Permafrost Eruption      Ice/Erth       0%         2x4d1     100%        6

Inventory:

Missiles
 e - 59 stones (quivered)
 g - 23 poisoned darts
 i - a throwing net {=f!f}
 m - 2 boomerangs
Armour
 a - a +1 animal skin
 h - a +0 ring mail
   (You found it on level 1 of the Dungeon)
 n - a +0 pair of gloves
   (You found it on level 5 of the Dungeon)
 s - the +0 ring mail "Cimiamaecwi" (melded) {+Inv rF++}
   (You found it on level 5 of the Dungeon)

   rF++:      It greatly protects you from fire.
   +Inv:      It lets you turn invisible.
Magical Staves
 u - a staff of air {!a}
   (You found it on level 6 of the Dungeon)
Jewellery
 G - an amulet of guardian spirit (around neck)
   (You found it on level 1 of the Dungeon)
 R - a ring of resist corrosion (right hand)
   (You found it on level 5 of the Dungeon)
 S - a +6 ring of strength (left hand)
   (You found it on level 2 of the Dungeon)
Talismans
 c - a beast talisman
 d - a flux talisman (active)
Scrolls
 b - 2 scrolls of teleportation {@r4}
 q - a scroll of vulnerability {!r!r}
 v - a scroll of enchant weapon
Potions
 f - a potion of cancellation
 j - a potion of heal wounds {@q2}
 k - 2 potions of degeneration {!q}
 l - 2 potions of might {unknown}
 o - a potion of brilliance {unknown}
 p - a potion of ambrosia {unknown}
 r - a potion of attraction {unknown}
 x - a potion of resistance {unknown}

Dungeon Overview and Level Annotations

Branches:
Dungeon (7/15) Zot: 26478
 Temple: D:4-7

Altars:
Okawaru

Shops:
D:1 *

Annotations:
D:3 3 runed translucent doors, Bex's ghost, amateur SpHu

### ..# #####.# ..##.# .
# #.##.# #.
#.###.##.###+## ####.
...... #........##...##
#.... ß.... #
#.............###.##.
..P. .#
#.##p###.......##.##.
... P#
#.....zy##.........#.##.
.. ..
.!.................'[...
5#.#
#.#................#)##.
Z.>#
##.######.......##<... #
## ##.....######.
####### ##...## #.
....... ##+## #. ######$
#.


You could see a hornet (contam) and a wight (contam).


Message History

You kick Blork the orc. 😮 HP[+1]
You barely miss Blork the orc. You kick Blork the orc.
Blork the orc hits you with a +0 flail!
* * * LOW HITPOINT WARNING * * *
😨 HP[-9] MP[-2]
You take 9 damage, and now have 25/53 hp.
You lost 2 mp, and now have 6/9 mp.
Unknown command.
You hit Blork the orc.
Blork the orc shudders as magic cascades through him!!
You kill Blork the orc!
Blork the orc's eyes stop glowing, and he collapses.
You now have 54 max hp (+1).
You now have 324 gold pieces (gained 17).
Items here: )) [[. 😨 HP[+1] Unknown command.
You start resting. 😨 HP[+1] MP[+1]
There is a stone staircase leading down, spattered with blood here.
You start resting. 😮 HP[+5] MP[+2]
You regained 5 hp, and now have 32/54 hp.
Your mp is fully restored (9).
You start resting. 😕 HP[+13]
You regained 13 hp, and now have 45/54 hp.
You start resting. 😎 HP[+9]
Your hp is fully restored (54).
You climb downwards.
There is a stone staircase leading up here.
Okay, then.
You block the wight's attack.
You hit the wight.
The wight begins to glow.
The wight closely misses you.
You punch the wight!
The wight glows dangerously bright.
You kick the wight, but do no damage. The wight misses you.
You hit the wight.
The wight shudders as magic cascades through it!
You destroy the wight!
No target in view! 😕 HP[+1]
You now have 58 max hp (+4).
Things that are here:
a +2 spear; a +0 robe; 😕 HP[+1]
There is an open door, spattered with blood here.
You start resting. 😎 HP[+2]
Your hp is fully restored (58).
A wight is nearby!
A wight is nearby!
A hornet comes into view.
The hornet buzzes angrily.
The wight hits you with a +4 trident.
You see here a scroll of identify {@r1}. 😕 HP[-5] MP[-1]
You take 5 damage, and now have 53/58 hp.
You lost 1 mp, and now have 8/9 mp.
You hit the wight but do no damage.
The wight begins to glow.
The wight closely misses you.
You hit the wight but do no damage.
The wight glows dangerously bright.
You kick the wight. The wight hits you with a +4 trident!
You feel drained. 😮 HP[-11] MP[-2]
You now have 56 max hp (-2).
You take 11 damage, and now have 42/56 hp.
You lost 2 mp, and now have 6/9 mp.
The wight misses you.
Unknown command.
The hornet barely misses you. The wight hits you with a +4 trident!
You feel drained.
You see here a scroll of identify {@r1}. 😮 HP[-10] MP[-1]
You now have 54 max hp (-2).
You take 10 damage, and now have 32/54 hp.
You lost 1 mp, and now have 5/9 mp.
You hit the wight but do no damage.
The wight shudders as magic cascades through it!
You kick the wight. The hornet barely misses you. The wight closely misses you.
The hornet stings you.
You feel yourself slow down. 😮 HP[-4] MP[-1]
You take 4 damage, and now have 28/54 hp.
You lost 1 mp, and now have 4/9 mp.
You hit the wight.
The wight begins to glow.
You feel yourself speed up. The hornet misses you. The wight barely misses you.
The hornet stings you!
* * * LOW HITPOINT WARNING * * *
You feel yourself slow down. 😨 HP[-7] MP[-1]
You take 7 damage, and now have 21/54 hp.
You lost 1 mp, and now have 3/9 mp.
You hit the hornet.
The hornet begins to glow.
Your kick misses the hornet. The hornet stings you!
* * * LOW HITPOINT WARNING * * *
You suddenly lose the ability to move!
The wight hits you with a +4 trident.
* * * LOW HITPOINT WARNING * * *
The hornet stings you!
You die...

Skill      XL: |  1  2  3  4  5  6  7  8  9 |
---------------+----------------------------+-----
Shapeshifting  | 3 4 5 6 8 |  8.7
Unarmed Combat | 3 4 5 6 7 |  7.1
Dodging        | 2 |  2.2
Fighting       | |  1.6

Action                     |  1- 3 |  4- 6 |  7- 9 || total
---------------------------+-------+-------+-------++-------
  Melee: Unarmed           |    97 |   156 |   186 ||   439
         Punch             |     2 |     2 |     8 ||    12
         Kick              |     9 |    33 |    71 ||   113
    Use: Scroll            |     2 |     2 |     5 ||     9
         Potion            |     1 |     1 |     3 ||     5
   Stab: Sleeping          |     2 |       |       ||     2
 Armour: Animal skin       |    40 |       |       ||    40
         Ring mail         |     9 |    82 |   106 ||   197
         Skin              |     2 |    13 |    18 ||    33
  Dodge: Dodged            |    44 |    61 |    80 ||   185
  Block: Other             |     3 |    28 |    25 ||    56
   Form: Flux              |       |       |     1 ||     1

Levels and vault maps discovered:
D:1:      giann_wishing_wells, layout_basic, hellmonk_ecumenical_altar_zigzags,
          serial_shops, nicolae_square_shop
D:2:      layout_basic, minmay_stone_trees_small, glass_columns_a, uniq_sigmund
D:3:      layout_basic, gammafunk_ghost_split, serial_park_tiny_pond
D:4:      layout_layer_cave
D:5:      layout_rooms
D:6:      layout_loops_ring, hellmonk_okawaru_the_only_friend_you_need,
          corexii_corridor_pit, lightli_corner_chamber, uniq_duvessa,
          uniq_blork_the_orc
D:7:      cheibrodos_grave_circle, layout_loops_corners,
          mainiacjoe_overflow_paths, nicolae_qazlal_scattered_showers,
          minmay_temple_entry_statues, uniq_joseph

Notes
Turn   | Place    | Note
-------+----------+-------------------------------------------
     0 | D:1      | kae the Demonspawn Shapeshifter began the quest for the
                  | Orb.
     0 | D:1      | Reached XP level 1. HP: 15/15 MP: 1/1
     0 | D:1      | magus.rc [v1.11.3]
   215 | D:1      | Reached skill level 3 in Shapeshifting
   222 | D:1      | Found Ofubramn's General Store.
   229 | D:1      | Gained mutation: You have large cloven feet. [demonic
                  | ancestry]
   229 | D:1      | Reached XP level 2. HP: 15/21 MP: 2/2
   356 | D:1      | Found a faded altar of an unknown god.
   378 | D:1      | Reached skill level 3 in Unarmed Combat
  1159 | D:2      | Gained mutation: You are partially covered in large bone
                  | plates. (SH +4) [demonic ancestry]
  1159 | D:2      | Reached XP level 3. HP: 26/26 MP: 3/3
  1640 | D:2      | Noticed Sigmund
  1651 | D:2      | Killed Sigmund
  1652 | D:2      | Reached skill level 4 in Unarmed Combat
  1652 | D:2      | Reached skill level 4 in Shapeshifting
  1652 | D:2      | Gained mutation: Spells you cast may paralyse adjacent
                  | enemies. [demonic ancestry]
  1652 | D:2      | Reached XP level 4. HP: 32/32 MP: 4/4
  1652 | D:2      | Reached XP level 5. HP: 37/37 MP: 5/5
  2227 | D:3      | Reached skill level 5 in Shapeshifting
  2227 | D:3      | Reached XP level 6. HP: 35/43 MP: 3/6
  2597 | D:3      | Found a runed translucent gate.
  2600 | D:3      | Noticed Bex's ghost (amateur SpHu)
  2617 | D:3      | Found a runed translucent gate.
  2618 | D:3      | Found a runed translucent gate.
  3828 | D:4      | You pick up a book of the Earth and begin reading...
  3828 | D:4      | You add the spells Leda's Liquefaction, Lee's Rapid
                  | Deconstruction and Permafrost Eruption to your library.
  3938 | D:4      | Reached XP level 7. HP: 35/48 MP: 4/7
  4084 | D:5      | Entered Level 5 of the Dungeon
  4101 | D:5      | Reached skill level 5 in Unarmed Combat
  4101 | D:5      | Reached skill level 6 in Shapeshifting
  4228 | D:5      | Identified the +0 ring mail "Cimiamaecwi" {+Inv rF++}
  4480 | D:5      | Gained mutation: You have hoof-like feet. [demonic
                  | ancestry]
  4480 | D:5      | Reached XP level 8. HP: 23/54 MP: 3/8
  4481 | D:5      | HP: 13/54 [ufetubus (2)]
  4687 | D:5      | Reached skill level 7 in Shapeshifting
  4925 | D:6      | Noticed Duvessa
  4925 | D:6      | Noticed Dowan
  4938 | D:6      | Killed Duvessa
  4948 | D:6      | Killed Dowan
  4949 | D:6      | Reached skill level 6 in Unarmed Combat
  5166 | D:6      | Noticed a two-headed ogre
  5166 | D:6      | Noticed a kobold demonologist
  5356 | D:6      | Noticed Blork the orc
  5407 | D:6      | HP: 12/54 [gnoll/+0 halberd[a gnoll bouda] (7)]
  5574 | D:6      | You pick up a book of Weapons and begin reading...
  5574 | D:6      | You add the spells Tukima's Dance, Dimensional Bullseye and
                  | Iskenderun's Mystic Blast to your library.
  5593 | D:6      | Reached skill level 8 in Shapeshifting
  5628 | D:6      | Found an iron altar of Okawaru.
  6055 | D:7      | Noticed a hellwing
  6059 | D:7      | Gained mutation: Your demonic aura sometimes causes spilled
                  | blood to erupt in flames. [demonic ancestry]
  6059 | D:7      | Reached XP level 9. HP: 45/59 MP: 7/9
  6348 | D:7      | Reached skill level 2 in Dodging
  6348 | D:7      | Reached skill level 7 in Unarmed Combat
  6350 | D:7      | HP: 8/55 [wight/+2 spear (11)]
  6423 | D:6      | Killed Blork the orc
  6559 | D:7      | HP: 13/54 [hornet (9)]
  6559 | D:7      | Paralysed by a hornet for 2 turns
  6559 | D:7      | Slain by a hornet

Vanquished Creatures
  Sigmund (D:2)
  A steam dragon (D:7)
  A water moccasin (D:6)
  Duvessa (D:6)
  An acid dragon (D:6)
  An ice beast (D:5)
  2 black bears
  2 sky beasts
  3 phantoms
  Blork the orc (D:6)
  A scorpion (D:5)
  3 wights
  Dowan (D:6)
  A bombardier beetle (D:5)
  2 jellies (D:6)
  A hound (D:5)
  4 orc priests
  A gnoll bouda (D:6)
  2 iguanas
  2 sleepcaps
  2 orc wizards
  11 gnolls
  5 adders
  A shadow imp (D:6)
  2 white imps
  2 ufetubi (D:5)
  7 dart slugs
  A ribbon worm (D:5)
  25 orcs
  8 endoplasms
  4 giant cockroaches
  5 goblins
  5 hobgoblins
  10 kobolds
  2 quokkas
  10 ball pythons
  6 bats
  2 frilled lizards
  6 rats
146 creatures vanquished.

Table legend:
 A = Non-vault XP
 B = Vault XP
 C = Vault XP percentage of total XP
 D = Non-vault monster count
 E = Vault monster count
 F = Vault count percentage of total count
                 A         B        C        D         E       F
            +---------+---------+-------+---------+---------+-------
      Total |    2781 |     549 |  16.5 |     140 |       5 |   3.4
            +---------+---------+-------+---------+---------+-------
        D:1 |      38 |       0 |   0.0 |      25 |       0 |   0.0
        D:2 |      65 |     231 |  78.0 |      17 |       1 |   5.6
        D:3 |     192 |       0 |   0.0 |      26 |       0 |   0.0
        D:4 |     268 |       0 |   0.0 |      26 |       0 |   0.0
        D:5 |     849 |       0 |   0.0 |      22 |       0 |   0.0
        D:6 |     882 |     318 |  26.5 |      19 |       4 |  17.4
        D:7 |     487 |       0 |   0.0 |       5 |       0 |   0.0
            +---------+---------+-------+---------+---------+-------

Skill      XL: |  1  2  3  4  5  6  7  8  9 |
---------------+----------------------------+-----
Shapeshifting  | 3 4 5 6 8 |  8.7
Unarmed Combat | 3 4 5 6 7 |  7.1
Dodging        | 2 |  2.2
Fighting       | |  1.6

Action                     |  1- 3 |  4- 6 |  7- 9 || total
---------------------------+-------+-------+-------++-------
  Melee: Unarmed           |    97 |   156 |   186 ||   439
         Punch             |     2 |     2 |     8 ||    12
         Kick              |     9 |    33 |    71 ||   113
    Use: Scroll            |     2 |     2 |     5 ||     9
         Potion            |     1 |     1 |     3 ||     5
   Stab: Sleeping          |     2 |       |       ||     2
 Armour: Animal skin       |    40 |       |       ||    40
         Ring mail         |     9 |    82 |   106 ||   197
         Skin              |     2 |    13 |    18 ||    33
  Dodge: Dodged            |    44 |    61 |    80 ||   185
  Block: Other             |     3 |    28 |    25 ||    56
   Form: Flux              |       |       |     1 ||     1

Illustrated notes

Table legend:
 A = Kills in this place as a percentage of kills in the entire game.
 B = Kills by you in this place as a percentage of kills by you in the entire game.
 C = Kills by friends in this place as a percentage of kills by friends in the entire game.
 D = Other kills in this place as a percentage of other kills in the entire game.
 E = Experience gained in this place as a percentage of experience gained in the entire game.
 F = Experience gained in this place divided by the number of levels of this place that you have seen.
                   A       B       C       D       E      F
               +-------+-------+-------+-------+-------+----------------------
         Total | 100.0 | 100.0 |   N/A |   N/A | 100.0 | 475.7
       Dungeon | 100.0 | 100.0 |   N/A |   N/A | 100.0 | 475.7
               +-------+-------+-------+-------+-------+----------------------

Table legend: (Time is in decaauts)
 A = Elapsed time spent in this place.
 B = Non-inter-level travel time spent in this place.
 C = Inter-level travel time spent in this place.
 D = Time resting spent in this place.
 E = Time spent auto-exploring this place.
 F = Levels seen in this place.
 G = Mean time per level.
                   A        B        C        D        E       F      G
               +--------+--------+--------+--------+--------+-----+--------+
         Total |   6508 |   6316 |    192 |    804 |   4419 |   7 |  929.7 |
       Dungeon |   6508 |   6316 |    192 |    804 |   4419 |   7 |  929.7 |
               +--------+--------+--------+--------+--------+-----+--------+

Top non-repeatable levels by time:
     D:6: 1419 daAuts
     D:4: 1157 daAuts
     D:1: 1109 daAuts
     D:2: 995 daAuts
     D:3: 862 daAuts
     D:5: 764 daAuts
     D:7: 200 daAuts
